 Dungeon Crawl Stone Soup version 0.16-a0-1885-g0f03bb0 (webtiles) character file.

18 timbw the Chopper (level 2, 0/16 HPs)
             Began as a Vine Stalker Berserker on Nov 6, 2014.
             Was a Follower of Trog.
             Slain by an orc
             ... wielding a +0 hand axe of draining
              (3 damage)
             ... on level 5 of the Dungeon.
             The game lasted 00:01:49 (410 turns).

timbw the Chopper (Vine Stalker Berserker)           Turns: 410, Time: 00:01:49

Health: 0/16       AC: 11    Str: 19    XL:     2   Next: 66%
Magic:  0/3        EV:  5    Int:  7    God:    Trog [*.....]
Gold:   21         SH:  0    Dex: 13    Spells: 0 memorised, 1 level left

rFire  . . .     SeeInvis .     a - +0 hand axe
rCold  . . .     Clarity  .     d - +0 plate armour
rNeg   . . .     SustAb   .     (no shield)
rPois  .         Gourm    .     m - +0 helmet
rElec  .         Spirit   +     (no cloak)
rCorr  .         Warding  .     (no gloves)
rMut   .         Stasis   .     (no boots)
MR     .....                    (no amulet)
Stlth  ..........               (no ring)
                                (no ring)

@: drained, not resistant to hostile enchantments, extremely unstealthy
A: fangs 2, regeneration 1, magic shield, antimagic bite, no device heal 3, rot
immunity
a: Burn Spellbooks, Berserk, Renounce Religion


You were on level 5 of the Dungeon.
You worshipped Trog.
Trog was aware of your devotion.
You were not hungry.

You visited 1 branch of the dungeon, and saw 5 of its levels.

You collected 21 gold pieces.

Inventory:

Hand weapons
 a - a +0 hand axe (weapon)
Armour
 b - a +0 animal skin
 d - a +0 plate armour (worn)
 m - a +0 helmet (worn)
Magical devices
 e - a wand of digging (8)
Scrolls
 f - 2 scrolls of teleportation {unknown}
 h - a scroll of enchant weapon {unknown}
 j - a scroll of blinking {unknown}
 k - a scroll of enchant armour {unknown}
 l - 2 scrolls of amnesia {unknown}
 n - a scroll of noise {unknown}
Potions
 i - a potion of curing {unknown}
Comestibles
 c - 3 bread rations
 g - a meat ration


   Skills:
 - Level 2.6(2.4) Fighting
 + Level 3.5(3.3) Axes
 - Level 1.5(1.3) Armour
 - Level 1.5(1.3) Dodging


You had one spell level left.
You didn't know any spells.

Dungeon Overview and Level Annotations

Branches:
Dungeon (5/15)
 Temple: D:4-7

Altars:
Cheibriados
Elyvilon


Innate Abilities, Weirdness & Mutations

You have extremely sharp teeth.
Your natural rate of healing is unusually fast.
When hurt, damage is shared between your health and your magic reserves.
Your bite disrupts and absorbs the magic of your enemies.
Potions and wands cannot restore your health.
You are immune to rotting.


Message History

Your plate armour prevents you from hitting the iguana.
The iguana bites you but does no damage.
The kobold skeleton hits you but does no damage.
The kobold skeleton closely misses you.
The kobold skeleton hits you but does no damage.
An orc comes into view. It is wielding a glowing hand axe.
The orc shouts!
A centaur comes into view.
The centaur shouts!
The centaur wields a runed shortbow.
The centaur shoots an arrow.
The arrow hits you.
You see here an arrow.
The centaur shoots an arrow.
The arrow hits you!
* * * LOW HITPOINT WARNING * * *
x2 A rat comes into view.
You see here an arrow.
A bat skeleton comes into view.
The orc hits you but does no damage.
You feel drained.
The orc hits you with a hand axe of draining.
You die...

########.#.###..#
.........#.......
#######......##..
#..........
#.(.#.#####
#(....c.Z..
######..##.####
........ol#.#
#####...@# #
#...r# #....+
#....# .......
##.....# ......#
.....# .(#


You could see an iguana, an orc and a rat.

Vanquished Creatures
  A giant cockroach (D:2)
  A hobgoblin (D:2)
  2 quokkas
  4 bats
  2 giant geckos (D:3)
  2 giant newts
  2 goblins (D:4)
  A kobold (D:3)
  An orc skeleton (D:4)
  A rat (D:4)
17 creatures vanquished.

Notes
Turn   | Place    | Note
--------------------------------------------------------------
     0 | D:1      | timbw, the Vine Stalker Berserker, began the quest for the Orb.
     0 | D:1      | Reached XP level 1. HP: 11/11 MP: 1/1
    78 | D:2      | Reached skill level 3 in Axes
    95 | D:2      | Found a snail-covered altar of Cheibriados.
   188 | D:3      | Reached XP level 2. HP: 11/16 MP: 3/3
   203 | D:3      | Found a white marble altar of Elyvilon.
   376 | D:5      | Entered Level 5 of the Dungeon
   406 | D:5      | Noticed a centaur
   410 | D:5      | Slain by an orc

Action                   || total
-------------------------++-------
Melee: Hand axe          ||    51
Invok: Burn Spellbooks   ||     1
